 Dungeon Crawl Stone Soup version 0.23-a0-49-gd9f7a49 (webtiles) character file.

238 Amnesiac the Magician (level 5, 0/35 HPs)
             Began as a Mummy Venom Mage on Aug 7, 2018.
             Slain by a worker ant (2 damage)
             ... on level 4 of the Dungeon.
             The game lasted 00:05:35 (2194 turns).

Amnesiac the Magician (Mummy Venom Mage)            Turns: 2194, Time: 00:05:36

Health: 0/35       AC:  2    Str: 11    XL:     5   Next: 78%
Magic:  1/13       EV: 12    Int: 15    God:
Gold:   74         SH:  0    Dex: 13    Spells: 10/16 levels left

rFire    x . .     SeeInvis .   a - +1 short sword (vamp)
rCold    + . .     Gourm    .   (no shield)
rNeg     + + +     Faith    .   g - +0 robe
rPois    ∞         Spirit   .   (no helmet)
rElec    .         Reflect  .   (no cloak)
rCorr    .         Harm     .   (no gloves)
MR       .....                  (no boots)
Stlth    ++........             (no amulet)
HPRegen  0.11/turn              (no ring)
MPRegen  0.13/turn              (no ring)

@: very slightly contaminated
A: no food or potions, fire vulnerability, cold resistance 1, negative energy
resistance 3, torment resistance, unbreathing
a: no special abilities


You were on level 4 of the Dungeon.
You were not hungry.

You visited 1 branch of the dungeon, and saw 4 of its levels.

You collected 74 gold pieces.

Inventory:

Hand Weapons
 a - a +1 vampiric short sword (weapon)
Armour
 g - a +0 robe (worn)
Wands
 f - a wand of acid (13)
Scrolls
 b - 2 scrolls of immolation {!r}
 c - a scroll of teleportation {!r, unknown}
 d - a scroll of identify {!r}


   Skills:
 - Level 1.5 Dodging
 - Level 1.5 Stealth
 + Level 6.4 Spellcasting
 - Level 0.7 Conjurations
 - Level 2.4 Air Magic
 - Level 2.4 Poison Magic


You had 10 spell levels left.
You knew the following spells:

 Your Spells              Type           Power        Failure   Level  Hunger
a - Poisonous Vapours     Pois/Air       ##....       8%          2    N/A
b - Sting                 Conj/Pois      #...         8%          1    N/A
e - Mephitic Cloud        Conj/Pois/Air  ##......     21%         3    N/A

Your spell library contained the following spells:

 Spells                   Type           Power        Failure   Level  Hunger
 Magic Dart               Conj           #...         11%         1    N/A
 Apportation              Tloc           #.....       14%         1    N/A
 Venom Bolt               Conj/Pois      #.........   90%         5    N/A
 Olgreb's Toxic Radiance  Pois           ##......     45%         4    N/A
 Summon Small Mammal      Summ           #...         14%         1    N/A
 Iskenderun's Mystic Bla  Conj           #.......     71%         4    N/A
 Animate Skeleton         Necr           N/A          14%         1    N/A
 Confusing Touch          Hex            #.....       14%         1    N/A
 Fulminant Prism          Conj/Hex       #.........   77%         4    N/A
 Dazzling Spray           Conj/Hex       #.....       36%         3    N/A
 Force Lance              Conj/Tloc      #.......     77%         4    N/A
 Searing Ray              Conj           #.....       16%         2    N/A

Dungeon Overview and Level Annotations

Branches:
Dungeon (4/15)
 Temple: D:4-7

Altars:


Innate Abilities, Weirdness & Mutations

You do not eat or drink.
Your flesh is vulnerable to fire.
You are immune to poison.
Your flesh is cold resistant. (rC+)
You are immune to negative energy. (rN+++)
You are immune to unholy pain and torment.
You can survive without breathing.


Message History

Poisonous vapours surround the orc!
The worker ant twitches its antennae in your direction.
The orc is engulfed in poison gas.
The orc looks even sicker.
You kill the orc!
Things that are here:
a dagger; a robe
Casting: Poisonous Vapours (safe; 8% risk of failure)
Confirm with . or Enter, or press ? or * to list all spells.
Aiming: Poisonous Vapours (safe; 8% risk of failure)
Press: ? - help, Dir - move target cursor, f - worker ant
Aim: a worker ant You miscast Poisonous Vapours.
You hear a whooshing sound.
You see here a dagger.
Casting: Poisonous Vapours (safe; 8% risk of failure)
Confirm with . or Enter, or press ? or * to list all spells.
Aiming: Poisonous Vapours (safe; 8% risk of failure)
Press: ? - help, Dir - move target cursor, f/p - worker ant
Aim: a worker ant You miscast Poisonous Vapours.
Your vision is briefly tinged with green.
The worker ant misses you.
You barely miss the worker ant. The worker ant barely misses you.
You hit the worker ant but do no damage.
The worker ant bites you.
You hit the worker ant.
You feel better.
The worker ant is lightly wounded.
The worker ant bites you! The worker ant closely misses you.
You hit the worker ant but do no damage.
The worker ant is lightly wounded.
The worker ant bites you!
* * * LOW HITPOINT WARNING * * *
Casting: Poisonous Vapours (safe; 8% risk of failure)
Confirm with . or Enter, or press ? or * to list all spells.
Okay, then.
Casting: Poisonous Vapours (safe; 8% risk of failure)
Confirm with . or Enter, or press ? or * to list all spells.
Aiming: Sting (safe; 8% risk of failure)
Press: ? - help, Shift-Dir - straight line, f/p - worker ant
Aim: a worker ant The sting misses the worker ant.
The worker ant bites you!
* * * LOW HITPOINT WARNING * * *
Really read
d - 2 scrolls labeled QUSAIK WEORGHYF {!r}?
As you read the scroll labeled QUSAIK WEORGHYF {!r}, it crumbles to dust.
It is a scroll of identify.
b - 2 scrolls of immolation {!r} The worker ant closely misses you.
The worker ant bites you.
* * * LOW HITPOINT WARNING * * *
The worker ant bites you.
* * * LOW HITPOINT WARNING * * *
Casting: Sting (safe; 8% risk of failure)
Confirm with . or Enter, or press ? or * to list all spells.
Aiming: Sting (safe; 8% risk of failure)
Press: ? - help, Shift-Dir - straight line, f/p - worker ant
Aim: a worker ant The sting hits the worker ant.
The worker ant appears unharmed.
The worker ant bites you but does no damage.
The worker ant closely misses you. The worker ant bites you.
* * * LOW HITPOINT WARNING * * *
The worker ant waves its antennae.
The worker ant bites you.
You die...

.......[...##....#..........#
...........##....#..........####
...........##...................
...........##...................
...)..÷....##...................
..........)...........)#........
....'''................#.#%..#..
..).###.........a#####.#........
........#......@.# #.#.#......
........##.......# #..........
##....##.#'###################
#......#.#.....)..............
#......#.#.####.####.####.####
#......#.#.#..+.+ #.#..'.'.(#
#......#.#.#..#.# #.#..#.#..#
#..<...#.#.#'##.#+##.#'##.#+##
#...<..#.#....................


You could see a worker ant.

Vanquished Creatures
  A hound (D:4)
  An orc priest (D:4)
  2 iguanas (D:4)
  2 orc wizards (D:4)
  3 adders (D:4)
  An ooze (D:1)
  3 worms
  8 orcs
  4 bats
  A goblin (D:2)
  4 hobgoblins
  2 quokkas (D:4)
  A ball python (D:2)
  2 frilled lizards
  3 rats
38 creatures vanquished.

Notes
Turn   | Place    | Note
-------+----------+-------------------------------------------
     0 | D:1      | Amnesiac the Mummy Venom Mage began the quest for the Orb.
     0 | D:1      | Reached XP level 1. HP: 13/13 MP: 4/4
    90 | D:2      | Reached skill level 3 in Spellcasting
   290 | D:2      | Reached XP level 2. HP: 19/19 MP: 0/6
   298 | D:1      | Learned a level 2 spell: Poisonous Vapours
   940 | D:3      | Reached skill level 4 in Spellcasting
  1059 | D:3      | Reached skill level 1 in Air Magic
  1059 | D:3      | Reached XP level 3. HP: 24/24 MP: 5/8
  1064 | D:3      | Learned a level 3 spell: Mephitic Cloud
  1491 | D:4      | Reached XP level 4. HP: 7/30 MP: 0/10
  1768 | D:4      | Reached skill level 5 in Spellcasting
  1925 | D:4      | Reached XP level 5. HP: 35/35 MP: 5/12
  2046 | D:4      | Reached skill level 6 in Spellcasting
  2194 | D:4      | Slain by a worker ant

Vault maps used:
D:1:      lightli_arrival_statuegarden, minmay_hedge_maze
D:3:      chequers_ecumenical_altar_island, minmay_surrounded
D:4:      minmay_door_path, serial_shops, kennysheep_mini, first_ration

Skill      XL: |  1  2  3  4  5 |
---------------+----------------+-----
Spellcasting   | 3 4 5 6 |  6.4
Air Magic      | 1 2 |  2.4
Dodging        | |  1.5
Stealth        | |  1.5
Conjurations   | |  0.7
Poison Magic   | |  2.4

Action                   |  1- 3 |  4- 6 || total
-------------------------+-------+-------++-------
Melee: Unarmed           |    13 |       ||    13
       Short sword       |    22 |     4 ||    26
 Cast: Sting             |    18 |     3 ||    21
       Poisonous Vapours |    28 |    25 ||    53
  Use: Scroll            |       |     1 ||     1
Armor: Robe              |     3 |     1 ||     4
Dodge: Dodged            |    29 |     7 ||    36

Table legend:
 A = Spawn XP
 B = Non-spawn XP
 C = Spawn XP percentage of total XP
 D = Spawn monster count
 E = Non-spawn monster count
 F = Spawn count percentage of total count
 G = Total turns spent on level
                    A         B        C        D         E        F      G
               +---------+---------+-------+---------+---------+-------+---------
         Total |       0 |     340 |   0.0 |       0 |      38 |   0.0 |  2194
               +---------+---------+-------+---------+---------+-------+---------
           D:1 |       0 |      13 |   0.0 |       0 |       3 |   0.0 |   420
           D:2 |       0 |      15 |   0.0 |       0 |      10 |   0.0 |   452
           D:3 |       0 |      17 |   0.0 |       0 |       6 |   0.0 |   257
           D:4 |       0 |     295 |   0.0 |       0 |      19 |   0.0 |  1065
               +---------+---------+-------+---------+---------+-------+---------
